 Dungeon Crawl Stone Soup version 0.19.0 (webtiles) character file.

182 CanadianGator the Cutter (level 5, -6/33 HPs)
             Began as a Kobold Berserker on Nov 21, 2016.
             Was a Believer of Trog.
             Killed by nerve-wracking pain
             ... invoked by an orc priest
              (14 damage)
             ... on level 3 of the Dungeon.
             The game lasted 00:11:23 (2123 turns).

CanadianGator the Cutter (Kobold Berserker)         Turns: 2123, Time: 00:11:23

Health: -6/33      AC:  4    Str: 15    XL:     5   Next: 93%
Magic:  5/5        EV: 17    Int:  8    God:    Trog [**....]
Gold:   87         SH:  0    Dex: 15    Spells: 0 memorised, 4 levels left

rFire  . . .     SeeInvis .     a - +0 rapier
rCold  . . .     Gourm    .     k - +0 robe (curse)
rNeg   . . .     Faith    .     (shield restricted)
rPois  .         Spirit   .     f - +0 helmet (curse)
rElec  .         Reflect  .     (no cloak)
rCorr  .         Harm     .     r - +0 pair of gloves
MR     .....                    (no boots)
Stlth  ++........               (no amulet)
                                (no ring)
                                (no ring)

@: exhausted, slowed, very slow
A: carnivore 3
a: Berserk, Trog's Hand, Burn Spellbooks, Renounce Religion


You were on level 3 of the Dungeon.
You worshipped Trog.
Trog was pleased with you.
You were very full.

You visited 1 branch of the dungeon, and saw 3 of its levels.

You collected 87 gold pieces.

Inventory:

Hand Weapons
 a - a +0 rapier (weapon)
Missiles
 i - 36 bolts
Armour
 f - a cursed +0 helmet (worn)
 k - a cursed +0 robe (worn)
 m - a +0 leather armour
 r - a +0 pair of gloves (worn)
Scrolls
 d - a scroll of fog {unknown}
 e - 2 scrolls of magic mapping {unknown}
 g - a scroll of teleportation {unknown}
 h - 3 scrolls of identify {unknown}
 j - a scroll of blinking {unknown}
 l - a scroll of immolation {unknown}
 o - 4 scrolls of remove curse {unknown}
 q - a scroll of enchant weapon {unknown}
Potions
 b - a potion of brilliance {unknown}
 n - a potion of curing {unknown}
 p - 2 potions of flight {unknown}
Comestibles
 c - a meat ration
 s - 4 chunks of flesh


   Skills:
 + Level 3.9 Fighting
 * Level 5.5 Short Blades
 + Level 2.1 Armour
 * Level 4.2 Dodging
 + Level 2.3 Stealth


You had 4 spell levels left.
You didn't know any spells.

Dungeon Overview and Level Annotations

Branches:
Dungeon (3/15)

Altars:
Makhleb
Okawaru


Innate Abilities, Weirdness & Mutations

You are small and have problems with some larger weapons.
You are carnivorous and can eat meat at any time.


Message History

You closely miss the orc.
The orc is heavily wounded.
The orc hits you with a club.
You puncture the orc!
You kill the orc!
Trog accepts your kill.
The orc priest calls down the wrath of Beogh upon you.
Beogh smites you!
You barely miss the orc. The orc priest hits you with a flail.
* * * LOW HITPOINT WARNING * * *
The orc hits you with a vampiric hand axe.
* * * LOW HITPOINT WARNING * * *
You completely miss the orc priest.
You feel a strong urge to attack something.
You are no longer berserk.
You are exhausted.
You feel yourself slow down.
The orc priest mumbles some strange prayers to Beogh against you.
Pain shoots through your body!
You die...

####.###.......#........# #.
#..............##.####.####.
#.##)######....##.# #.###..
#.#)......#....# # #..##..
#.#...#...#....##+#####.##..
#.#...#####...........#..#..
#.#...................##.#..
#.####.....##.o)...... #....
#[...'.....@.oo....... ##...
######.....##o........ #...
########......... #...
#.......§. ##.. #...#.#§..
#.. #.##§§§### #.. #.# #§#§
... #.. .... ....


You could see 2 orc priests and 2 orcs.

Vanquished Creatures
  Terence (D:2)
  4 gnolls (D:3)
  5 adders
  An ooze (D:3)
  An adder skeleton (D:3)
  2 dart slugs
  A leopard gecko (D:1)
  An orc (D:3)
  2 ball pythons
  A giant cockroach (D:1)
  13 goblins
  3 hobgoblins
  8 kobolds
  2 quokkas (D:3)
  3 bats
  5 frilled lizards
  8 rats
61 creatures vanquished.

Notes
Turn   | Place    | Note
-------+----------+-------------------------------------------
     0 | D:1      | CanadianGator the Kobold Berserker began the quest for the Orb.
     0 | D:1      | Reached XP level 1. HP: 14/14 MP: 1/1
   162 | D:1      | Reached XP level 2. HP: 19/19 MP: 2/2
   826 | D:1      | Reached XP level 3. HP: 23/23 MP: 3/3
  1081 | D:2      | Reached ** piety under Trog
  1085 | D:2      | Reached skill level 1 in Stealth
  1085 | D:2      | Reached XP level 4. HP: 28/28 MP: 4/4
  1558 | D:2      | Reached skill level 5 in Short Blades
  1565 | D:2      | Found a burning altar of Makhleb.
  1570 | D:2      | Noticed Terence
  1589 | D:2      | Killed Terence
  1589 | D:2      | Reached XP level 5. HP: 15/33 MP: 5/5
  1887 | D:3      | Found an iron altar of Okawaru.
  2123 | D:3      | Killed from afar by an orc priest

Skill      XL: |  1  2  3  4  5 |
---------------+----------------+-----
Dodging        | 3 4 |  4.2
Stealth        | 1 2 |  2.3
Short Blades   | 5 |  5.5
Armour         | 2 |  2.1
Fighting       | |  3.9

Action                   |  1- 3 |  4- 6 || total
-------------------------+-------+-------++-------
Melee: Short sword       |    94 |    86 ||   180
       Rapier            |       |    24 ||    24
Invok: Berserk           |     1 |     5 ||     6
  Use: Potion            |       |     1 ||     1
 Stab: Sleeping          |     5 |     3 ||     8
  Eat: Chunk             |     9 |     8 ||    17
Armor: Animal skin       |     5 |       ||     5
       Robe              |     7 |    13 ||    20
Dodge: Dodged            |    73 |    67 ||   140
